 Dungeon Crawl Stone Soup version 0.21.1-1-g345015f (webtiles) character file.

1437 inc the Chiller (level 8, -9/46 HPs)
             Began as a Felid Ice Elementalist on Mar 4, 2018.
             Was a Priest of Vehumet.
             Mangled by an orc warrior
             ... wielding a +0 trident
              (14 damage)
             ... on level 8 of the Dungeon.
             The game lasted 00:28:03 (11705 turns).

inc the Chiller (Felid Ice Elementalist)           Turns: 11705, Time: 00:28:03

Health: -9/46      AC:  2    Str:  9    XL:     8   Next: 45%
Magic:  6/16       EV: 18    Int: 19    God:    Vehumet [***...]
Gold:   44         SH:  0    Dex: 19    Spells: 6/16 levels left
                                        Lives:  0   Deaths: 2

rFire    . . .     SeeInvis +   (weapon unavailable)
rCold    . . .     Gourm    .   (shield unavailable)
rNeg     . . .     Faith    .   (armour unavailable)
rPois    .         Spirit   .   (helmet unavailable)
rElec    .         Reflect  .   (cloak unavailable)
rCorr    .         Harm     .   (gloves unavailable)
MR       +....                  (boots unavailable)
Stlth    ..........             (no amulet)
HPRegen  0.15/turn              g - ring of wizardry
MPRegen  0.15/turn              v - +3 ring of dexterity

@: berserking (expiring), very quick
A: very small, no armour, no weapons or thrown items, stealth, claws 1, fangs 3,
see invisible, carnivore, speed 1, shaggy fur 2, slow metabolism 1, sharp paws
a: Renounce Religion


You were on level 8 of the Dungeon.
You worshipped Vehumet.
Vehumet was most pleased with you.
You were not hungry.

You visited 2 branches of the dungeon, and saw 9 of its levels.

You collected 554 gold pieces.
You spent 510 gold pieces at shops.

Inventory:

Jewellery
 g - a ring of wizardry (left paw)
 h - an uncursed ring of flight
 l - an uncursed amulet of faith
 v - a +3 ring of dexterity (right paw)
Wands
 k - a wand of paralysis (32)
 y - a wand of disintegration (6)
 z - a wand of enslavement (20)
 B - a wand of flame (38)
 E - a wand of polymorph (14)
Scrolls
 c - 2 scrolls of remove curse {unknown}
 e - 2 scrolls of noise {unknown}
 f - 2 scrolls of magic mapping {unknown}
 i - a scroll of fear {unknown}
 j - a scroll of random uselessness {unknown}
 n - 3 scrolls of teleportation {unknown}
 q - a scroll of immolation {unknown}
 r - a scroll of enchant armour {unknown}
 t - 2 scrolls of blinking {unknown}
Potions
 d - 4 potions of berserk rage
 m - a potion of resistance
 p - a potion of degeneration
 s - 2 potions of flight
 u - a potion of heal wounds
 x - a potion of might
 D - a potion of mutation {unknown}
Books
 a - a book of Frost

   Spells                             Type                      Level
   a - Freeze                         Ice                          1
   b - Throw Frost                    Conjuration/Ice              2
   c - Ozocubu's Armour               Charms/Ice                   3
   d - Throw Icicle                   Conjuration/Ice              4
   e - Summon Ice Beast               Ice/Summoning                4
 w - a book of Misfortune

   Spells                             Type                      Level
   a - Confusing Touch                Hexes                        1
   b - Confuse                        Hexes                        3
   c - Gell's Gravitas                Translocation                3
   d - Petrify                        Transmutation/Earth          4
   e - Metabolic Englaciation         Hexes/Ice                    5
   f - Yara's Violent Unravelling     Hexes/Transmutation          5
 A - a book of Necromancy

   Spells                             Type                      Level
   a - Pain                           Necromancy                   1
   b - Animate Skeleton               Necromancy                   1
   c - Vampiric Draining              Necromancy                   3
   d - Regeneration                   Charms/Necromancy            3
   e - Animate Dead                   Necromancy                   4
   f - Borgnjor's Vile Clutch         Necromancy/Earth             5
 F - a book of Flames

   Spells                             Type                      Level
   a - Flame Tongue                   Conjuration/Fire             1
   b - Throw Flame                    Conjuration/Fire             2
   c - Conjure Flame                  Conjuration/Fire             3
   d - Inner Flame                    Hexes/Fire                   3
   e - Sticky Flame                   Conjuration/Fire             4
   f - Fireball                       Conjuration/Fire             5
Comestibles
 b - 11 rations


   Skills:
 - Level 3.0 Dodging
 - Level 2.6 Stealth
 + Level 4.7 Spellcasting
 - Level 6.8 Conjurations
 - Level 4.0 Summonings
 - Level 4.3 Fire Magic
 - Level 7.7 Ice Magic


You had 6 spell levels left.
You knew the following spells:

 Your Spells              Type           Power        Failure   Level  Hunger
a - Freeze                Ice            ####         1%          1    None
b - Ozocubu's Armour      Chrm/Ice       ###.....     3%          3    ###....
c - Summon Ice Beast      Ice/Summ       ####....     4%          4    ####...
d - Confusing Touch       Hex            #.....       5%          1    None
e - Flame Tongue          Conj/Fire      ####.        1%          1    None


Dungeon Overview and Level Annotations

Branches:
Dungeon (8/15)             Temple (1/1) D:7            Lair (0/6) D:8

Altars:
Cheibriados
Dithmenos
Elyvilon
Kikubaaqudgha
Makhleb
Nemelex Xobeh
Okawaru
Ru
Sif Muna
Uskayaw
Vehumet
Wu Jian
Xom
Yredelemnul
Zin
The Shining One

Shops:
D:6 *   D:8 **?

Annotations:
D:3 Grinder, Ijyb


Innate Abilities, Weirdness & Mutations

You cannot wear armour.
You are incapable of wielding weapons or throwing items.
Your paws allow you to move quietly. (Stealth)
You have sharp claws.
You have razor-sharp teeth.
You have supernaturally acute eyesight. (SInv)
You are carnivorous and can eat meat at any time.
You cover ground quickly.
You are covered in thick fur. (AC +2)
You have a slow metabolism.
Your sharp claws are effective at attacking unaware monsters.


Message History

The hound is almost dead.
The hound closely misses you.
You barely miss the hound.
The hound is almost dead.
The hound bites you but does no damage.
You scratch the hound.
You kill the hound!
Vehumet accepts your kill.
You feel your power returning.
You are too berserk!
You see here a hound corpse.
You scratch the orc warrior.
The orc warrior is lightly wounded.
The orc warrior misses you.
You scratch the orc warrior.
The orc warrior is lightly wounded.
You scratch the orc warrior.
The orc warrior is moderately wounded.
The orc warrior hits you with a trident!
You die...

##......... .
#........##.## #.
#.####........ #.
#†####h..## #.###
#..h.o5..# #.#.##
#..###.......
#....####.######.....
##.....##...# ###..
#.....)@o5#...... .
##.....##o..#####
#....####.## ##)#.##
.# #..#.# .. #.##.#
.## #.##.# .# #)##.#
#)##.#


You could see an orc warrior, a crimson imp and an orc.

Vanquished Creatures
  Joseph (D:7)
  A water moccasin (D:7)
  2 hell hounds (D:8)
  A black bear (D:8)
  An orc warrior (D:6)
  A sky beast (D:8)
  2 ice beasts (D:7)
  2 centaurs
  A bullfrog (D:7)
  A big kobold (D:7)
  A scorpion (D:6)
  A water moccasin skeleton (D:8)
  2 wights (D:7)
  3 killer bees (D:6)
  3 crimson imps
  A bullfrog zombie (D:6)
  5 hounds
  7 orc priests
  Crazy Yiuf (D:6)
  A jelly (D:4)
  6 orc wizards
  2 worker ants (D:7)
  A howler monkey zombie (D:5)
  A worker ant zombie (D:7)
  A gnoll (D:6)
  A howler monkey skeleton (D:5)
  9 adders
  A shadow imp (D:7)
  An adder zombie (D:8)
  3 worms (D:3)
  3 dart slugs
  3 leopard geckos
  24 orcs
  A ball python (D:6)
  6 giant cockroaches
  4 goblins
  3 hobgoblins
  7 jackals
  9 kobolds
  2 quokkas
  A ball python skeleton (D:4)
  12 bats
  4 frilled lizards
  A leopard gecko skeleton (D:7)
  A quokka skeleton (D:8)
  3 rats (D:1)
  A fungus (D:4)
149 creatures vanquished.

Vanquished Creatures (collateral kills)
  2 orc warriors
  2 ice beasts
  3 ogres
  A centaur (D:5)
  A scorpion (D:7)
  A wight (D:7)
  A howler monkey (D:5)
  2 orc priests
  4 orc wizards
  2 gnolls (D:6)
  A leopard gecko (D:6)
  6 orcs
26 creatures vanquished.

Grand Total: 175 creatures vanquished

Notes
Turn   | Place    | Note
-------+----------+-------------------------------------------
     0 | D:1      | inc the Felid Ice Elementalist began the quest for the Orb.
     0 | D:1      | Reached XP level 1. HP: 7/7 MP: 4/4
   134 | D:1      | Reached skill level 3 in Ice Magic
   215 | D:1      | Reached XP level 2. HP: 11/11 MP: 3/6
  1303 | D:2      | Reached XP level 3. HP: 14/14 MP: 7/7
  1315 | D:2      | Learned a level 3 spell: Ozocubu's Armour
  1371 | D:2      | Reached skill level 4 in Ice Magic
  1685 | D:2      | Noticed an ice beast
  1929 | D:2      | Reached XP level 4. HP: 18/18 MP: 4/8
  2525 | D:4      | Reached skill level 5 in Ice Magic
  2813 | D:5      | Entered Level 5 of the Dungeon
  2858 | D:4      | Found a radiant altar of Vehumet.
  2870 | D:4      | Became a worshipper of Vehumet
  3016 | D:4      | Found an iron altar of Okawaru.
  3020 | D:4      | Reached XP level 5. HP: 20/21 MP: 3/9
  3038 | D:4      | Learned a level 4 spell: Summon Ice Beast
  3191 | D:4      | Reached skill level 1 in Summonings
  3965 | D:5      | Found a white marble altar of Elyvilon.
  4283 | D:3      | Killed an ice beast
  4283 | D:3      | Gained mutation: You are covered in thick fur. (AC +2) [Felid growth]
  4283 | D:3      | Reached XP level 6. HP: 7/24 MP: 3/10
  4537 | D:3      | Noticed Ijyb
  4537 | D:3      | Noticed Grinder
  5333 | D:5      | Found a deep blue altar of Sif Muna.
  5518 | D:6      | Noticed an orc warrior
  5848 | D:6      | Learned a level 1 spell: Confusing Touch
  5969 | D:6      | Reached skill level 6 in Ice Magic
  6025 | D:6      | Reached * piety under Vehumet
  6025 | D:6      | Offered knowledge of Flame Tongue by Vehumet.
  6025 | D:6      | Reached XP level 7. HP: 18/27 MP: 3/11
  6209 | D:6      | Learned a level 1 spell: Flame Tongue
  6230 | D:6      | Reached skill level 1 in Conjurations
  6546 | D:6      | Found Urhe's Assorted Antiques.
  6591 | D:6      | Found a shimmering altar of Xom.
  6641 | D:6      | Found a runed door.
  7712 | D:6      | Noticed Crazy Yiuf
  7719 | D:6      | Killed Crazy Yiuf
  7719 | D:6      | Reached skill level 5 in Conjurations
  7719 | D:6      | Reached XP level 8. HP: 31/31 MP: 0/12
  7939 | D:7      | Reached skill level 1 in Fire Magic
  8892 | D:7      | Reached ** piety under Vehumet
  8894 | D:7      | Offered knowledge of Sandblast by Vehumet.
  9277 | D:7      | Found a staircase to the Ecumenical Temple.
  9344 | Temple   | Entered the Ecumenical Temple
  9484 | D:7      | Noticed Joseph
  9629 | D:7      | HP: 1/31 [orc wizard/puff of flame (9)]
  9629 | D:7      | Killed from afar by an orc priest
  9630 | D:7      | Reached XP level 7. HP: -9/27 MP: 0/11
  9701 | D:7      | Reached XP level 8. HP: 14/31 MP: 10/12
 10058 | D:7      | Killed Joseph
 10058 | D:7      | Reached skill level 7 in Ice Magic
 10581 | D:8      | Offered knowledge of Throw Flame by Vehumet.
 10892 | D:8      | Found a white marble altar of Elyvilon.
 10894 | D:8      | Found Joegetil's Assorted Antiques.
 11198 | D:8      | Bought a papyrus book for 480 gold pieces
 11262 | D:8      | Found a staircase to the Lair.
 11317 | D:8      | Found Kafimodi's Magic Scroll Shop.
 11322 | D:8      | Bought a scroll of identify for 30 gold pieces
 11335 | D:8      | Slain by a hell hound
 11336 | D:8      | Reached XP level 7. HP: -1/27 MP: 10/11
 11436 | D:8      | Reached *** piety under Vehumet
 11450 | D:8      | Reached XP level 8. HP: 7/31 MP: 2/13
 11645 | D:8      | Found Fikutit's General Store.
 11705 | D:8      | Mangled by an orc warrior

Skill      XL: |  1  2  3  4  5  6  7  8 |
---------------+-------------------------+-----
Ice Magic      | 3 4 5 6 7 |  7.7
Summonings     | 3 4 |  4.0
Conjurations   | 5 6 |  6.8
Fire Magic     | 4 |  4.3
Dodging        | 3 |  3.0
Spellcasting   | 4 |  4.7
Stealth        | |  2.6

Action                   |  1- 3 |  4- 6 |  7- 9 || total
-------------------------+-------+-------+-------++-------
Melee: Unarmed           |    17 |    94 |    88 ||   199
       Bite              |       |    13 |     8 ||    21
 Cast: Freeze            |    54 |    63 |   108 ||   225
       Ozocubu's Armour  |     1 |     2 |     1 ||     4
       Summon Ice Beast  |       |    18 |    21 ||    39
       Confusing Touch   |       |     1 |    15 ||    16
       Flame Tongue      |       |       |    93 ||    93
  Use: Scroll            |     3 |       |     4 ||     7
       Potion            |       |     1 |     6 ||     7
 Stab: Sleeping          |    10 |     7 |     9 ||    26
       Confused          |       |       |     7 ||     7
       Distracted        |       |       |     1 ||     1
  Eat: Chunk             |     7 |    10 |    11 ||    28
       Ration            |       |       |     2 ||     2
Armor: Skin              |     4 |     8 |    27 ||    39
Dodge: Dodged            |    52 |    87 |   141 ||   280
